 Dungeon Crawl Stone Soup version 0.28-a0-1594-ga885d4b3d6 (webtiles) character file.

Game seed: 2549232636836537759

8743 comborobin the Grappler (level 11, 0/107 HPs)
             Began as a Troll Cinder Acolyte on Jan 20, 2022.
             Was an Elder of Ignis.
             Slain by a centaur warrior (4 damage)
             ... on level 10 of the Dungeon.
             The game lasted 00:10:45 (5907 turns).

comborobin the Grappler (Troll Cinder Acolyte)      Turns: 5907, Time: 00:10:46

Health: 0/107      AC: 11    Str: 24    XL:     11   Next: 13%
Magic:  12/12      EV: 10    Int: 10    God:    Ignis [****..]
Gold:   976        SH:  0    Dex:  9    Spells: 2/13 levels left

rFire   + . .      SeeInvis .     - Unarmed
rCold   . . .      Faith    .   (no shield)
rNeg    + . .      Spirit   .   A - +0 acid dragon scales
rPois   .          Reflect  .   (helmet restricted)
rElec   .          Harm     .   c - +2 cloak
rCorr   +          Rampage  .   (gloves unavailable)
Will    .....                   (boots unavailable)
Stlth   +.........              w - amulet of magic regeneration
HPRegen 1.07/turn               C - ring of positive energy
MPRegen 0.53/turn               (no ring)

@: studying Crossbows
A: large, unfitting armour, claws 3, regeneration 1, shaggy fur 1, tough skin 1
a: Renounce Religion, Fiery Armour, Foxfire Swarm, Rising Flame


You were on level 10 of the Dungeon.
You worshipped Ignis.
Ignis was greatly pleased with you.
You visited 1 branch of the dungeon, and saw 10 of its levels.
You also visited: Sewer.

You collected 1087 gold pieces.
You spent 111 gold pieces at shops.

Inventory:

Hand Weapons
 f - a +4 whip of electrocution
Missiles
 j - 36 poisoned darts (quivered)
 m - 2 curare-tipped darts
 D - 3 large rocks
Armour
 a - a +0 robe
 c - a +2 cloak (worn)
 q - a +2 robe of willpower
 A - +0 acid dragon scales (worn)
Jewellery
 t - an amulet of guardian spirit
 w - an amulet of magic regeneration (around neck)
 C - a ring of positive energy (left claw)
Wands
 i - a wand of flame (57)
 u - a wand of iceblast (9)
 y - a wand of charming (3)
Scrolls
 d - a scroll of silence
 e - 5 scrolls of identify
 g - 4 scrolls of teleportation
 r - 2 scrolls of enchant weapon
 s - a scroll of enchant armour
 B - a scroll of magic mapping
Potions
 b - a potion of cancellation {unknown}
 h - 2 potions of mutation
 k - 2 potions of curing {unknown}
 l - 2 potions of attraction {unknown}
 n - 4 potions of heal wounds {unknown}
 o - a potion of flight {unknown}
 p - a potion of might {unknown}
 v - a potion of brilliance
 x - a potion of resistance {unknown}
 z - 2 potions of ambrosia


   Skills:
 + Level 6.7 Fighting
 + Level 0.9 Throwing
 + Level 6.0 Dodging
 + Level 14.7 Unarmed Combat
 + Level 1.6 Spellcasting
 + Level 1.4 Translocations
 - Level 2.1 Fire Magic


You had 2 spell levels left.
You knew the following spells:

 Your Spells              Type           Power      Damage    Failure   Level
b - Blink                 Tloc           6%         N/A       34%         2
h - Passage of Golubria   Tloc           3%         N/A       92%         4
M - Manifold Assault      Tloc           3%         N/A       99%         5

Your spell library contained the following spells:

 Spells                   Type           Power      Damage    Failure   Level
 Apportation              Tloc           6%         N/A       22%         1
 Scorch                   Fire           10%        2d6       26%         2
 Animate Skeleton         Necr           0%         N/A       38%         1
 Summon Small Mammal      Summ           0%         N/A       38%         1
 Cause Fear               Hex            0%         N/A       99%         4
 Silence                  Hex/Air        0%         N/A       100%        5
 Dragon Form              Tmut           0%         N/A       100%        7
 Storm Form               Tmut/Air       0%         N/A       100%        7
 Lehudib's Crystal Spear  Conj/Erth      0%         10d2      100%        8
 Dragon's Call            Summ           0%         N/A       100%        9


Dungeon Overview and Level Annotations

Branches:
Dungeon (10/15)            Temple (0/1) D:6            Lair (0/6) D:9
  Sewer (visited)
    Orc: D:9-12

Altars:
Kikubaaqudgha
Nemelex Xobeh
Okawaru
Trog
Wu Jian
Yredelemnul

Shops:
D:7 [

Annotations:
D:4 exclusion: downstairs
D:5 3 runed translucent doors, Clumpoid's ghost, novice MiFi
D:8 2 runed translucent doors, sasquatch's ghost, novice DsIE


Innate Abilities, Weirdness & Mutations

You are too large for most types of armour.
You have claws for hands.
Your natural rate of healing is unusually fast.
You are covered in fur. (AC +1)
You have tough skin. (AC +1)


Message History

HP restored.
You are no longer corroded.
Found a leather armour.
You start waiting.
Found an escape hatch in the floor.
A centaur warrior comes into view.
The centaur warrior shouts!
The centaur warrior wields a +0 longbow.
The centaur warrior shoots an arrow.
The arrow hits you!
The centaur warrior shoots an arrow.
The arrow hits you but does no damage.
A centaur warrior is nearby!
The centaur warrior shoots an arrow.
The arrow hits you!!
The centaur warrior shoots an arrow.
The arrow hits you!!
The centaur warrior shoots an arrow.
The arrow hits you!
* * * LOW HITPOINT WARNING * * *
The centaur warrior shoots an arrow.
The arrow hits you but does no damage.
The centaur warrior unwields a +0 longbow.
The centaur warrior hits you!
* * * LOW HITPOINT WARNING * * *
The centaur warrior kicks you but does no damage.
You closely miss the centaur warrior. The centaur warrior closely misses you.
The centaur warrior kicks you.
* * * LOW HITPOINT WARNING * * *
You claw the centaur warrior!
The centaur warrior is moderately wounded.
The centaur warrior hits you!
* * * LOW HITPOINT WARNING * * *
The centaur warrior closely misses you.
You mangle the centaur warrior!!
The centaur warrior is severely wounded.
The centaur warrior misses you.
The centaur warrior kicks you but does no damage.
Okay, then.
Okay, then.
You scratch the centaur warrior but do no damage.
The centaur warrior is severely wounded.
The centaur warrior hits you.
* * * LOW HITPOINT WARNING * * *
The centaur warrior kicks you.
You die...

#..# #........
#####..######........
.....................
.....................
####..#####..########
# #[.# #..# # #..#
#..#
####..#####..#########
................@c...#
.....................#
#########..###########
# #..# # #..# # #.. #
#. #


You could see a centaur warrior.

Vanquished Creatures
  A cyclops (D:9)
  A kobold demonologist (D:9)
  Prince Ribbit (D:6)
  A wyvern (D:9)
  6 yaks
  A basilisk (D:9)
  2 steam dragons (D:7)
  Grum (D:9)
  Menkaure (D:6)
  Edmund (D:6)
  2 acid dragons
  2 water moccasins
  Duvessa (D:4)
  An ice beast (D:6)
  4 orc warriors
  2 necrophages
  2 ogres
  A black bear (D:9)
  3 wolves (D:9)
  2 phantoms
  10 kobold brigands
  3 bullfrogs
  A gnoll sergeant (D:9)
  A water moccasin zombie (D:6)
  A wyvern skeleton (D:7)
  Dowan (D:4)
  A howler monkey (D:4)
  A bullfrog zombie (D:5)
  A hound (D:4)
  Crazy Yiuf (D:4)
  2 bullfrog skeletons (D:5)
  6 orc priests
  A jelly (D:6)
  3 iguanas
  2 orc wizards
  2 killer bee zombies (D:8)
  A hound zombie (D:5)
  Robin (D:4)
  A howler monkey skeleton (D:5)
  4 howler monkey zombies
  9 gnolls
  4 adders
  A river rat (Sewer)
  A shadow imp (D:8)
  2 white imps
  An ufetubus (D:4)
  8 worms
  2 dart slugs
  31 orcs
  A bat (D:3)
  9 endoplasms
  2 giant cockroaches (D:6)
  15 goblins
  3 hobgoblins
  30 kobolds
  3 quokkas
  3 ball pythons
  6 rats
211 creatures vanquished.

Vanquished Creatures (others)
  A wolf (D:9)
  2 withered plants (D:5)
3 creatures vanquished.

Grand Total: 214 creatures vanquished

Notes
Turn   | Place    | Note
-------+----------+-------------------------------------------
     0 | D:1      | comborobin the Troll Cinder Acolyte began the quest for the
                  | Orb.
     0 | D:1      | Reached XP level 1. HP: 22/22 MP: 1/1
   179 | D:2      | Reached XP level 2. HP: 20/29 MP: 2/2
   318 | D:3      | Reached skill level 4 in Unarmed Combat
   350 | D:4      | Noticed Robin
   365 | D:4      | Reached XP level 3. HP: 29/36 MP: 3/3
   372 | D:4      | Killed Robin
   407 | D:5      | Entered Level 5 of the Dungeon
   411 | D:5      | Noticed a troll
   421 | D:4      | Reached skill level 5 in Unarmed Combat
   421 | D:4      | Reached XP level 4. HP: 40/44 MP: 4/4
   462 | D:4      | Noticed an ogre
   462 | D:4      | Noticed a phantom
   471 | D:4      | Killed an ogre
   472 | D:4      | Reached skill level 6 in Unarmed Combat
   472 | D:4      | Reached XP level 5. HP: 50/50 MP: 5/5
   477 | D:4      | Killed a phantom
   478 | D:4      | Reached XP level 6. HP: 51/59 MP: 6/6
   568 | D:4      | Reached skill level 7 in Unarmed Combat
   664 | D:4      | Found a runed translucent door.
   665 | D:4      | Noticed Crazy Yiuf
   671 | D:4      | Killed Crazy Yiuf
   834 | D:4      | Found a sparkling altar of Nemelex Xobeh.
   989 | D:4      | Noticed Duvessa
   990 | D:4      | Noticed Dowan
  1006 | D:4      | Killed Duvessa
  1007 | D:4      | Reached skill level 8 in Unarmed Combat
  1007 | D:4      | Reached XP level 7. HP: 53/66 MP: 7/7
  1012 | D:4      | Killed Dowan
  1255 | D:5      | Found an ancient bone altar of Kikubaaqudgha.
  1348 | D:5      | Noticed a yak
  1353 | D:5      | Reached skill level 9 in Unarmed Combat
  1362 | D:5      | Killed a yak
  1368 | D:5      | Reached XP level 8. HP: 67/74 MP: 8/8
  1413 | D:5      | Reached skill level 10 in Unarmed Combat
  1629 | D:5      | Found a runed translucent gate.
  1629 | D:5      | Noticed Clumpoid's ghost (novice MiFi)
  1630 | D:5      | Found a runed translucent gate.
  1630 | D:5      | Identified the +6 hand axe of Yxkenoix {flame, Will+}
  1631 | D:5      | Found a runed translucent gate.
  1771 | D:6      | Found a bloodstained altar of Trog.
  1775 | D:6      | Noticed Prince Ribbit
  1810 | D:6      | Killed Prince Ribbit
  1861 | D:6      | Reached skill level 11 in Unarmed Combat
  1934 | D:6      | Noticed Menkaure
  1943 | D:6      | Learned a level 2 spell: Blink
  1948 | D:6      | Killed Menkaure
  1961 | D:6      | Learned a level 4 spell: Passage of Golubria
  1965 | D:6      | Noticed Edmund
  2000 | D:6      | Killed Edmund
  2081 | D:6      | Found a glowing drain.
  2102 | Sewer    | Entered a sewer
  2132 | Sewer    | Reached skill level 12 in Unarmed Combat
  2155 | Sewer    | Reached XP level 9. HP: 65/80 MP: 9/9
  2777 | D:6      | Reached skill level 5 in Dodging
  2777 | D:6      | Reached skill level 14 in Unarmed Combat
  2777 | D:6      | Reached XP level 10. HP: 98/98 MP: 10/10
  3061 | D:6      | Found a staircase to the Ecumenical Temple.
  3409 | D:6      | Found an ornate altar of the Wu Jian Council.
  3422 | D:6      | Learned a level 5 spell: Manifold Assault
  3561 | D:7      | Found an iron altar of Okawaru.
  3578 | D:7      | Identified the +6 hand axe "Iloutigg" {spect, Str+3 Dex+4}
  3596 | D:7      | Identified a scroll of acquirement
  3596 | D:7      | Acquired 623 gold pieces
  3735 | D:7      | Found a basalt altar of Yredelemnul.
  3868 | D:7      | Found Plog's Antique Armour Shop.
  3872 | D:7      | Bought an embroidered robe for 111 gold pieces
  4633 | D:8      | Found a large runed translucent door.
  4634 | D:8      | Found a large runed translucent door.
  4636 | D:8      | Noticed sasquatch's ghost (novice DsIE)
  5186 | D:9      | Noticed Grum
  5201 | D:9      | Killed Grum
  5279 | D:9      | Noticed a cyclops
  5289 | D:9      | Killed a cyclops
  5290 | D:9      | Reached skill level 1 in Translocations
  5290 | D:9      | Reached XP level 11. HP: 87/107 MP: 12/12
  5426 | D:9      | Found a staircase to the Lair.
  5763 | D:10     | Entered Level 10 of the Dungeon
  5899 | D:10     | Noticed a centaur warrior
  5907 | D:10     | HP: 4/107 [centaur warrior (5)]
  5907 | D:10     | Slain by a centaur warrior

Illustrated notes

Levels and vault maps discovered:
D:1:      beargit_arrival_greenhouse, layout_loops_corners
D:2:      mumra_celtic_spiral_tile, layout_basic
D:3:      layout_rooms, shapermc_ecumenical_altar_petra, minivault_27,
          minmay_misc_feat_pillars
D:4:      layout_basic, mainiacjoe_overflow_24_doors, bh_walls_and_bars,
          uniq_crazy_yiuf_cottage, uniq_duvessa, uniq_robin
D:5:      layout_basic, kiku_gazebo_garden_becter, biasface_ghost_orc_armoury,
          minmay_manual_mandibuliform
D:6:      hellmonk_destroyed_diamonds, layout_basic, overflow_temple_1_default,
          nzn_wu_jian_council_hall, minmay_temple_entry_enclosed_plants,
          portal_sewer_entry_b, uniq_prince_ribbit1, uniq_menkaure, uniq_edmund
D:7:      layout_basic, old_standard_altar, overflow_temple_1_default,
          serial_shops, nicolae_diamond_shop
D:8:      layout_basic, ebering_ghost_disaster_area,
          hangedman_abyss_or_decor_stagger, blue_anna_alchemist
D:9:      layout_rooms, david_lair_generic, uniq_grum
D:10:     layout_small_grid, kennysheep_orc_monster_closet_entryway,
          minmay_rotating_lava

Skill      XL: |  1  2  3  4  5  6  7  8  9 10 11 |
---------------+----------------------------------+-----
Unarmed Combat | 4 5 6 8 9 12 14 | 14.7
Fighting       | 6 |  6.7
Dodging        | 5 6 |  6.0
Translocations | 1 |  1.4
Throwing       | |  0.9
Spellcasting   | |  1.6
Fire Magic     | |  2.1

Action                   |  1- 3 |  4- 6 |  7- 9 | 10-12 || total
-------------------------+-------+-------+-------+-------++-------
Melee: Unarmed           |    60 |    54 |   201 |   205 ||   520
       Punch             |     2 |     3 |    10 |    21 ||    36
Invok: Fiery Armour      |     1 |     2 |     1 |       ||     4
Evoke: Wand              |       |       |       |     2 ||     2
  Use: Scroll            |       |     6 |     7 |     2 ||    15
       Potion            |       |     1 |     1 |       ||     2
Armor: Robe              |    30 |    17 |    54 |    21 ||   122
       Acid dragon scale |       |       |       |    26 ||    26
Dodge: Dodged            |    23 |    10 |    58 |    72 ||   163

Table legend: (Time is in decaauts)
 A = Elapsed time spent in this place.
 B = Non-inter-level travel time spent in this place.
 C = Inter-level travel time spent in this place.
 D = Time resting spent in this place.
 E = Time spent auto-exploring this place.
 F = Levels seen in this place.
 G = Mean time per level.
                   A        B        C        D        E       F      G
               +--------+--------+--------+--------+--------+-----+--------+
         Total |   5954 |   5762 |    192 |    274 |   3999 |  11 |  541.3 |
       Dungeon |   5258 |   5066 |    192 |    234 |   3543 |  10 |  525.8 |
         Sewer |    696 |    696 |      0 |     40 |    456 |   1 |  696.0 |
               +--------+--------+--------+--------+--------+-----+--------+

Top non-repeatable levels by time:
     D:6: 1099 daAuts
     D:8: 866 daAuts
     D:4: 856 daAuts
     D:9: 731 daAuts
   Sewer: 696 daAuts
     D:7: 668 daAuts
     D:5: 535 daAuts
     D:3: 158 daAuts
     D:1: 147 daAuts
    D:10: 142 daAuts
     D:2: 50 daAuts
